% Time on Ice - KELOWNA ROCKETS
Lines # - Real PCT - Wanted PCT - Time Play
Normal Forward
1 - 36% - 36% - 14:51
2 - 35% - 36% - 14:44
3 - 23% - 23% - 9:24
4 - 6% - 5% - 2:41
Normal Defense
1 - 34% - 36% - 14:13
2 - 29% - 28% - 11:56
3 - 28% - 20% - 11:29
4 - 10% - 16% - 4:02
PP Forward
1 - 53% - 75% - 3:14
2 - 47% - 25% - 2:54
PP Defense
1 - 61% - 75% - 3:44
2 - 39% - 25% - 2:24
PK Forward
1 - 62% - 55% - 6:59
2 - 38% - 45% - 4:17
PK Defense
1 - 45% - 55% - 5:07
2 - 55% - 45% - 6:09
PK3 Forward
1 - 0% - 55%
2 - 0% - 45%
PK3 Defense
1 - 0% - 55%
2 - 0% - 45%
44 Forward
1 - 0% - 50%
2 - 0% - 50%
44 Defense
1 - 0% - 50%
2 - 0% - 50%
Last Minute Offensive  - 0:00
Last Minute Defensive  - 0:56
Total
Forward - 60:00
Defense - 60:00
% Time on Ice - VICTORIA GLADIATORS
Lines # - Real PCT - Wanted PCT - Time Play
Normal Forward
1 - 33% - 36% - 14:07
2 - 26% - 31% - 10:59
3 - 25% - 23% - 10:44
4 - 16% - 10% - 6:46
Normal Defense
1 - 39% - 36% - 16:29
2 - 28% - 31% - 12:02
3 - 33% - 23% - 13:53
4 - 0% - 10% - 0:12
PP Forward
1 - 54% - 52% - 6:03
2 - 46% - 48% - 5:13
PP Defense
1 - 52% - 52% - 5:50
2 - 48% - 48% - 5:26
PK Forward
1 - 72% - 52% - 4:25
2 - 28% - 48% - 1:43
PK Defense
1 - 42% - 52% - 2:33
2 - 58% - 48% - 3:35
PK3 Forward
1 - 0% - 52%
2 - 0% - 48%
PK3 Defense
1 - 0% - 52%
2 - 0% - 48%
44 Forward
1 - 0% - 52%
2 - 0% - 48%
44 Defense
1 - 0% - 52%
2 - 0% - 48%
Last Minute Offensive  - 0:00
Last Minute Defensive  - 0:00
Total
Forward - 60:00
Defense - 60:00
Play-by-Play 1st period 0:01 of 1st period - Evgeny Kuznetsov wins face-off versus Mikkel Boedker in neutral zone. 0:10 of 1st period - Shot by Alexander Ovechkin. 0:10 of 1st period - Shot Misses the Net. 0:44 of 1st period - Shot by Alexander Ovechkin. 0:44 of 1st period - Deflect By Evgeny Kuznetsov. 0:44 of 1st period - Stopped by Jack Campbell without a rebound. 0:45 of 1st period - Auston Matthews wins face-off versus Frans Nielsen in VICTORIA GLADIATORS zone. 1:05 of 1st period - Frans Nielsen is hit by Nikita Zadorov and loses puck. 1:20 of 1st period - Shot by Patrick Maroon. 1:20 of 1st period - Shot Hit the Post. 1:22 of 1st period - Shot by Frans Nielsen. 1:22 of 1st period - Shot Hit the Post. 2:24 of 1st period - Icing by Jonas Siegenthaler. 2:25 of 1st period - Jason Spezza wins face-off versus Anthony Cirelli in KELOWNA ROCKETS zone. 2:45 of 1st period - Shot by Marcus Foligno. 2:45 of 1st period - Stopped by Tuukka Rask without a rebound. 2:46 of 1st period - Carl Soderberg wins face-off versus Evgeny Kuznetsov in KELOWNA ROCKETS zone. 2:57 of 1st period - Shot by Alex Iafallo. 2:57 of 1st period - Stopped by Tuukka Rask without a rebound. 2:58 of 1st period - Patrick Maroon wins face-off versus Matthew Peca in KELOWNA ROCKETS zone. 3:01 of 1st period - Shot by Frans Nielsen. 3:01 of 1st period - Shot Misses the Net. 3:13 of 1st period - Shot by Drew Doughty. 3:13 of 1st period - Shot Misses the Net. 3:48 of 1st period - Off-side. 3:49 of 1st period - Evgeny Kuznetsov wins face-off versus Carl Soderberg in neutral zone. 3:58 of 1st period - Shot by Evgeny Kuznetsov. 3:58 of 1st period - Shot Misses the Net. 4:07 of 1st period - Minor Penalty to Jonas Siegenthaler for Hooking. 4:08 of 1st period - Carl Soderberg wins face-off versus Anthony Cirelli in KELOWNA ROCKETS zone. 4:09 of 1st period - Shot by Alex Iafallo. 4:09 of 1st period - Shot Misses the Net. 4:11 of 1st period - Shot by Carl Soderberg. 4:11 of 1st period - Deflect By Alex Iafallo. 4:11 of 1st period - Stopped by Tuukka Rask with a rebound. 4:35 of 1st period - Shot by Mikkel Boedker. 4:35 of 1st period - Shot Misses the Net. 5:14 of 1st period - Lars Eller is hit by Nikita Zadorov and loses puck. 6:13 of 1st period - Shot by Marcus Foligno. 6:13 of 1st period - Shot Misses the Net. 6:19 of 1st period - Shot by Marcus Foligno. 6:19 of 1st period - Stopped by Tuukka Rask with a rebound. 6:21 of 1st period - Shot by Riley Sheahan. 6:21 of 1st period - Shot Misses the Net. 6:23 of 1st period - Shot by Riley Sheahan. 6:23 of 1st period - Shot Misses the Net. 6:32 of 1st period - Icing by Jonas Siegenthaler. 6:33 of 1st period - Lars Eller wins face-off versus Evgeny Kuznetsov in KELOWNA ROCKETS zone. 6:38 of 1st period - Shot by Nick Foligno. 6:38 of 1st period - Stopped by Tuukka Rask without a rebound. 6:39 of 1st period - Lars Eller wins face-off versus Auston Matthews in KELOWNA ROCKETS zone. 6:58 of 1st period - Shot by Auston Matthews. 6:58 of 1st period - Stopped by Jack Campbell without a rebound. 6:59 of 1st period - Evgeny Kuznetsov wins face-off versus Frans Nielsen in VICTORIA GLADIATORS zone. 7:59 of 1st period - Minor Penalty to Marcus Pettersson for Interference. 8:00 of 1st period - Anthony Cirelli wins face-off versus Carl Soderberg in KELOWNA ROCKETS zone. 10:04 of 1st period - Shot by Alexander Ovechkin. 10:04 of 1st period - Stopped by Jack Campbell without a rebound. 10:05 of 1st period - Evgeny Kuznetsov wins face-off versus Jason Spezza in VICTORIA GLADIATORS zone. 10:24 of 1st period - Minor Penalty to Drew Doughty for Hooking. 10:25 of 1st period - Auston Matthews wins face-off versus Lars Eller in KELOWNA ROCKETS zone. 11:25 of 1st period - Shot by Alex Iafallo. 11:25 of 1st period - Shot Misses the Net. 11:31 of 1st period - Shot by Carl Soderberg. 11:31 of 1st period - Deflect By Alex Iafallo. 11:31 of 1st period - Shot Blocked by Dmitri Orlov. 11:33 of 1st period - Shot by Alex Iafallo. 11:33 of 1st period - Shot Misses the Net. 11:45 of 1st period - Shot by Zack Smith. 11:45 of 1st period - Goal by Zack Smith - KELOWNA ROCKETS : 0 - VICTORIA GLADIATORS : 1. 11:46 of 1st period - Jason Spezza wins face-off versus Auston Matthews in neutral zone. 11:48 of 1st period - Marcus Foligno is hit by Drew Doughty and loses puck. 11:59 of 1st period - Shot by Marcus Foligno. 11:59 of 1st period - Shot Misses the Net. 12:27 of 1st period - Shot by Vladimir Tarasenko. 12:27 of 1st period - Shot Blocked by Marcus Foligno. 12:32 of 1st period - Jason Spezza is hit by Auston Matthews and loses puck. 13:04 of 1st period - Nick Foligno is hit by Drew Doughty and loses puck. 13:07 of 1st period - Shot by Torey Krug. 13:07 of 1st period - Stopped by Tuukka Rask without a rebound. 13:08 of 1st period - Carl Soderberg wins face-off versus Tyler Bertuzzi in KELOWNA ROCKETS zone. 13:18 of 1st period - Alex Iafallo is hit by Jonas Siegenthaler and loses puck. 13:29 of 1st period - Shot by Carl Soderberg. 13:29 of 1st period - Shot Misses the Net. 13:38 of 1st period - Alex Iafallo is hit by Jake Bean and loses puck. 13:48 of 1st period - Minor Penalty to Jake Bean for Holding. 13:49 of 1st period - Lars Eller wins face-off versus Anthony Cirelli in KELOWNA ROCKETS zone. 14:19 of 1st period - Shot by Torey Krug. 14:19 of 1st period - Stopped by Tuukka Rask without a rebound. 14:20 of 1st period - Carl Soderberg wins face-off versus Nick Bjugstad in KELOWNA ROCKETS zone. 14:25 of 1st period - Shot by Alex Iafallo. 14:25 of 1st period - Shot Blocked by Marcus Pettersson. 14:27 of 1st period - Shot by Alex Iafallo. 14:27 of 1st period - Shot Misses the Net. 14:36 of 1st period - Alex Iafallo is hit by Drew Doughty. 15:43 of 1st period - Off-side. 15:44 of 1st period - Mikkel Boedker wins face-off versus Auston Matthews in neutral zone. 15:55 of 1st period - Shot by Riley Sheahan. 15:55 of 1st period - Stopped by Tuukka Rask with a rebound. 15:57 of 1st period - Shot by Riley Sheahan. 15:57 of 1st period - Shot Hit the Post. 15:59 of 1st period - Shot by Riley Sheahan. 15:59 of 1st period - Stopped by Tuukka Rask without a rebound. 16:00 of 1st period - Lars Eller wins face-off versus Tyler Bertuzzi in KELOWNA ROCKETS zone. 17:42 of 1st period - Icing by Zach Trotman. 17:43 of 1st period - Anthony Cirelli wins face-off versus Carl Soderberg in VICTORIA GLADIATORS zone. 17:46 of 1st period - Shot by Nick Bjugstad. 17:46 of 1st period - Goal by Nick Bjugstad - KELOWNA ROCKETS : 1 - VICTORIA GLADIATORS : 1. 17:47 of 1st period - Anthony Cirelli wins face-off versus Frans Nielsen in neutral zone. 17:52 of 1st period - Torey Krug is hit by Anthony Cirelli and loses puck. 18:21 of 1st period - Shot by Nick Bjugstad. 18:21 of 1st period - Shot Misses the Net. Goals for this period are 1 for KELOWNA ROCKETS vs 1 for VICTORIA GLADIATORS. Shots for this period are 4 for KELOWNA ROCKETS vs 10 for VICTORIA GLADIATORS. 2nd period 0:01 of 2nd period - Auston Matthews wins face-off versus Carl Soderberg in neutral zone. 0:08 of 2nd period - Shot by Auston Matthews. 0:08 of 2nd period - Shot Blocked by Torey Krug. 1:25 of 2nd period - Alexander Ovechkin is hit by Zack Smith and loses puck. 1:34 of 2nd period - Frans Nielsen is hit by Alexander Ovechkin and loses puck. 2:04 of 2nd period - Minor Penalty to Nick Foligno for Hooking. 2:05 of 2nd period - Nick Bjugstad wins face-off versus Marcus Foligno in VICTORIA GLADIATORS zone. 2:24 of 2nd period - Shot by Tyler Bertuzzi. 2:24 of 2nd period - Goal by Tyler Bertuzzi - KELOWNA ROCKETS : 2 - VICTORIA GLADIATORS : 1. 2:25 of 2nd period - Lars Eller wins face-off versus Auston Matthews in neutral zone. 2:33 of 2nd period - Shot by Vladimir Tarasenko. 2:33 of 2nd period - Shot Blocked by Dion Phaneuf. 2:35 of 2nd period - Shot by Vladimir Tarasenko. 2:35 of 2nd period - Shot Blocked by Torey Krug. 3:02 of 2nd period - Minor Penalty to Colin Wilson for Roughing. 3:03 of 2nd period - Frans Nielsen wins face-off versus Nick Bjugstad in VICTORIA GLADIATORS zone. 3:03 of 2nd period - Frans Nielsen is hit by Nick Bjugstad. 4:03 of 2nd period - Shot by Vladimir Tarasenko. 4:03 of 2nd period - Shot Misses the Net. 4:05 of 2nd period - Shot by Vladimir Tarasenko. 4:05 of 2nd period - Shot Hit the Post. 4:07 of 2nd period - Shot by Nikita Zadorov. 4:07 of 2nd period - Stopped by Jack Campbell without a rebound. 4:08 of 2nd period - Lars Eller wins face-off versus Evgeny Kuznetsov in VICTORIA GLADIATORS zone. 4:12 of 2nd period - Off-side. 4:13 of 2nd period - Evgeny Kuznetsov wins face-off versus Lars Eller in neutral zone. 4:18 of 2nd period - Shot by Alexander Ovechkin. 4:18 of 2nd period - Stopped by Jack Campbell without a rebound. 4:19 of 2nd period - Lars Eller wins face-off versus Vladimir Tarasenko in VICTORIA GLADIATORS zone. 4:30 of 2nd period - Shot by Alexander Ovechkin. 4:30 of 2nd period - Stop